 Dungeon Crawl Stone Soup version 0.22.0-38-g04b72b8c25 (webtiles) character file.

59 LLavrengius the Shield-Bearer (level 4, 0/29 HPs)
             Began as a Gargoyle Fighter on Aug 29, 2018.
             Killed by nerve-wracking pain
             ... invoked by Grinder
              (2 damage)
             ... on level 4 of the Dungeon.
             The game lasted 00:03:33 (1183 turns).

LLavrengius the Shield-Bearer (Gargoyle Fighter)    Turns: 1183, Time: 00:03:33

Health: 0/29       AC: 11    Str: 20    XL:     4   Next: 3%
Magic:  4/4        EV:  7    Int:  9    God:
Gold:   128        SH:  9    Dex:  9    Spells: 3/3 levels left

rFire    + . .     SeeInvis .   a - +0 flail
rCold    . . .     Gourm    .   c - +0 shield
rNeg     + . .     Faith    .   b - +0 scale mail
rPois    ∞         Spirit   .   (no helmet)
rElec    +         Reflect  .   (no cloak)
rCorr    .         Harm     .   i - +0 pair of gloves
MR       .....                  (no boots)
Stlth    ..........             (no amulet)
HPRegen  0.09/turn              m - ring of protection from fire
MPRegen  0.09/turn              (no ring)

@: no status effects
A: negative energy resistance 1, electricity resistance, unbreathing,
petrification resistance, rot immunity, AC +3
a: no special abilities


You were on level 4 of the Dungeon.
You were not hungry.

You visited 1 branch of the dungeon, and saw 4 of its levels.

You collected 128 gold pieces.

Inventory:

Hand Weapons
 a - a +0 flail (weapon)
 n - a +1 hunting sling of flaming
Armour
 b - a +0 scale mail (worn)
 c - a +0 shield (worn)
 i - a +0 pair of gloves (worn)
Jewellery
 m - a ring of protection from fire (left hand)
Scrolls
 e - 2 scrolls of remove curse {unknown}
 g - a scroll of teleportation {unknown}
 h - a scroll of noise {unknown}
 l - a scroll of enchant weapon {unknown}
 p - a scroll of identify {unknown}
Potions
 d - 2 potions of might
 j - a potion of degeneration {unknown}
 k - a potion of lignification {unknown}
 o - a potion of ambrosia {unknown}
 r - a potion of haste {unknown}
Comestibles
 f - a ration
 q - a chunk of flesh


   Skills:
 + Level 3.8 Fighting
 * Level 3.3 Maces & Flails
 - Level 3.2 Armour
 + Level 3.8 Shields


You had 3 spell levels left.
You didn't know any spells.
Your spell library was empty.

Dungeon Overview and Level Annotations

Branches:
Dungeon (4/15)
 Temple: D:4-7

Altars:

Shops:
D:4 [

Annotations:
D:4 Grinder


Innate Abilities, Weirdness & Mutations

You are resistant to torment.
Your stone body is resilient. (AC +3)
You are immune to poison.
You resist negative energy. (rN+)
You are resistant to electric shocks. (rElec)
You can survive without breathing.
You are immune to petrification.
You are immune to rotting.


Message History

You block Grinder's attack.
You barely miss Grinder.
Grinder is heavily wounded.
Grinder hits you!
* * * LOW HITPOINT WARNING * * *
You writhe in agony.
* * * LOW HITPOINT WARNING * * *
You thump Grinder!
Grinder is almost dead.
Grinder gestures at you. You resist with significant effort.
You block Grinder's attack.
Unknown command.
You hit Grinder.
Grinder is almost dead.
You block Grinder's attack.
You hit Grinder but do no damage.
Grinder is almost dead.
Grinder gestures at you. Pain shoots through your body!
You die...

## .#
.#######################
.÷.............5@......#
.#####################.#
[# # .####### .#.....#
.#.###.# .#.# #.#
.#.###.######
.......>......


You could see Grinder.

Vanquished Creatures
  A hound skeleton (D:4)
  2 adders
  An ooze (D:3)
  A leopard gecko (D:2)
  3 bats
  4 giant cockroaches
  A hobgoblin (D:1)
  2 jackals (D:3)
  A kobold (D:1)
  4 ball pythons
  2 frilled lizards
  2 rats
24 creatures vanquished.

Vanquished Creatures (others)
  A worm (D:2)
1 creature vanquished.

Grand Total: 25 creatures vanquished

Notes
Turn   | Place    | Note
-------+----------+-------------------------------------------
     0 | D:1      | LLavrengius the Gargoyle Fighter began the quest for the Orb.
     0 | D:1      | Reached XP level 1. HP: 14/14 MP: 1/1
   251 | D:1      | Reached XP level 2. HP: 18/19 MP: 2/2
   389 | D:2      | Reached XP level 3. HP: 8/23 MP: 3/3
  1029 | D:4      | Found Dobuob's Armour Shoppe.
  1136 | D:4      | Reached XP level 4. HP: 26/29 MP: 4/4
  1154 | D:4      | Noticed Grinder
  1170 | D:4      | Paralysed by Grinder for 4 turns
  1183 | D:4      | Killed from afar by Grinder

Skill      XL: |  1  2  3 |
---------------+----------+-----
Maces & Flails | 3 |  3.3
Fighting       | |  3.8
Armour         | |  3.2
Shields        | |  3.8

Action                   |  1- 3 |  4- 6 || total
-------------------------+-------+-------++-------
Melee: Flail             |   133 |    15 ||   148
  Eat: Chunk             |       |     1 ||     1
Armor: Scale mail        |   106 |     6 ||   112
Dodge: Dodged            |    63 |       ||    63
Block: Shield            |    99 |     6 ||   105
